Map: Lightshade LE

Players

RAGNAROK (SHIN)

  • Race: Zerg Zerg
  • League: Master
  • Spawn Location: 11:00

Solar - Winner!

  • Race: Zerg Zerg
  • League: Master
  • Spawn Location: 5:00

Event: Cheeseadelphia Winter Championship 2021

VOD

Have the link to the VOD?

Description

Time

  • Played on: Jan. 24, 2021, 2 p.m.
  • Length: 10:03

All games in this series

Show
View Real Time Build Order
Export as new Build Order

RAGNAROK Zerg 

Build Orders: Hatch First 

Get SALT Encoding   

  12  0:00  Drone  
  13  0:12  Overlord  
  13  0:17  Drone  
  14  0:31  Drone x2  
  16  0:48  Hatchery  
  15  0:51  Drone  
  15  0:54  Drone  
  17  0:58  Drone  
  17  1:00  Extractor  
  17  1:06  Drone  
  18  1:17  Spawning Pool  
  17  1:20  Drone  
  18  1:27  Drone  
  19  1:38  Drone  
  20  1:49  Drone  
  21  2:01  Drone  
  21  2:04  Queen x2, Metabolic Boost  
  21  2:06  Overlord  
  26  2:11  Drone  
  26  2:13  Zergling x2  
  28  2:27  Drone  
  28  2:28  Drone  
  30  2:35  Hatchery, Drone  
  30  2:37  Drone  
  31  2:45  Overlord  
  31  2:59  Zergling x6  
  31  3:05  Zergling x4  
  36  3:13  Zergling x12  
  42  3:21  Roach Warren  
  42  3:24  Overlord, Drone  
  42  3:27  Queen  
  43  3:34  Overlord  
  43  3:43  Drone x3  
  46  4:01  Roach x6  
  58  4:06  Roach  
  58  4:07  Roach  
  58  4:09  Roach  
  61  4:18  Roach  
  61  4:19  Roach  
  61  4:22  Drone x2  
  65  4:28  Overlord  
  65  4:31  Extractor, Evolution Chamber  
  63  4:39  Overlord  
  63  4:40  Drone x2  
  65  4:47  Drone  
  65  4:48  Drone x5  
  65  4:50  Drone  
  72  4:53  Drone  
  72  4:59  Zerg Missile Weapons Level 1  
  73  5:04  Roach x2  
  73  5:07  Roach  
  79  5:10  Roach  
  79  5:12  Extractor  
  79  5:14  Overlord  
  79  5:20  Drone x2  
  81  5:22  Overlord  
  81  5:24  Overlord  
  81  5:30  Overlord  
  81  5:35  Roach x4  
  89  5:43  Roach x3  
  89  5:48  Overlord  
  95  5:50  Roach  
  97  5:58  Roach x3  
  103  6:06  Overlord  
  103  6:08  Roach x2  
  107  6:16  Overlord  
  107  6:18  Zergling x10  
  111  6:24  Zergling x8  
  115  6:28  Ravager x2  
  115  6:29  Ravager  
  117  6:37  Zergling x12  
  123  6:43  Zergling x8  
  127  6:49  Zergling x6  
  130  6:57  Zergling x10  
  134  7:05  Zergling x8  
  124  7:09  Zergling x4  
  124  7:11  Zergling x6  
  124  7:14  Zergling x2  
  100  7:22  Zergling x2  
  100  7:23  Zergling x8  
  100  7:28  Lair  
  100  7:29  Drone  
  88  7:30  Drone  
  88  7:32  Drone  
  88  7:35  Roach  
  76  7:38  Roach  
  76  7:39  Roach  
  76  7:42  Roach  
  82  7:44  Roach  
  82  7:47  Roach  
  82  7:49  Roach  
  86  7:53  Roach  
  86  7:54  Roach  
  86  7:56  Roach  
  90  7:58  Roach  
  90  8:00  Roach  
  90  8:05  Roach x2  
  98  8:07  Ravager x3  
  98  8:10  Roach  
  103  8:13  Roach  
  103  8:14  Roach  
  107  8:25  Roach x4  
  115  8:27  Glial Reconstitution  
  115  8:32  Roach  
  117  8:36  Overlord  
  117  8:38  Overseer  
  117  8:42  Roach x2  
  117  8:43  Roach  
  123  8:48  Overlord  
  123  8:49  Roach  
  123  8:52  Roach  
  123  8:54  Overlord  
  127  8:57  Roach  
  127  8:59  Roach  
  131  9:06  Roach x3  
  137  9:12  Roach x2  
  141  9:18  Roach x2  
  145  9:25  Roach x2  
  145  9:26  Roach  
  145  9:29  Overlord x2  
  151  9:33  Overlord  
  151  9:34  Roach  
  153  9:40  Overlord  
Show
View Real Time Build Order
Export as new Build Order

Solar Zerg - Winner!

Build Orders: Hatch First 

Get SALT Encoding   

  12  0:00  Drone  
  13  0:12  Overlord  
  13  0:17  Drone  
  14  0:31  Drone x2  
  16  0:47  Hatchery  
  15  0:51  Drone  
  15  0:54  Drone  
  17  0:58  Drone  
  18  1:06  Extractor  
  17  1:13  Spawning Pool  
  17  1:16  Drone  
  17  1:19  Drone  
  18  1:28  Drone  
  19  1:39  Drone  
  20  1:51  Drone  
  21  1:59  Queen x2  
  25  2:02  Zergling x2  
  25  2:03  Overlord  
  26  2:11  Drone x2, Metabolic Boost  
  30  2:22  Drone x2  
  30  2:33  Hatchery  
  30  2:36  Drone  
  30  2:44  Queen  
  30  2:48  Baneling Nest  
  30  2:50  Drone  
  32  2:55  Overlord  
  31  2:59  Zergling x2  
  31  3:01  Zergling x2  
  31  3:03  Drone  
  34  3:10  Zergling x2  
  35  3:14  Zergling x8  
  35  3:15  Zergling x2  
  35  3:18  Zergling x2  
  41  3:25  Zergling x2  
  42  3:27  Zergling x2  
  42  3:32  Baneling  
  42  3:33  Baneling  
  43  3:34  Overlord  
  43  3:39  Baneling  
  43  3:42  Evolution Chamber  
  43  3:43  Drone x2  
  43  3:45  Zergling x4  
  43  3:46  Drone  
  47  3:54  Zergling x6  
  51  3:57  Roach Warren  
  51  4:00  Drone  
  51  4:02  Drone  
  52  4:06  Drone  
  52  4:08  Zergling x2, Drone  
  54  4:11  Drone  
  54  4:15  Drone  
  54  4:16  Drone  
  56  4:17  Drone  
  56  4:25  Extractor, Baneling  
  56  4:27  Overlord  
  56  4:28  Overlord  
  55  4:31  Spine Crawler  
  55  4:34  Overlord  
  55  4:37  Roach  
  56  4:39  Roach  
  56  4:45  Roach, Evolution Chamber  
  60  4:47  Roach x2  
  60  4:50  Drone x2  
  65  4:54  Roach  
  65  4:55  Roach  
  69  5:00  Drone x2  
  69  5:03  Drone x2  
  74  5:07  Drone  
  74  5:09  Drone  
  74  5:14  Zerg Missile Weapons Level 1  
  75  5:16  Overlord  
  75  5:18  Drone x2  
  75  5:19  Drone  
  78  5:22  Roach  
  78  5:27  Overlord  
  80  5:28  Overlord  
  80  5:33  Spine Crawler, Roach  
  83  5:35  Roach  
  83  5:39  Extractor  
  83  5:42  Roach x3  
  87  5:44  Overlord  
  87  5:46  Roach  
  89  5:52  Roach x2  
  89  5:53  Overlord  
  93  6:01  Roach x3  
  97  6:05  Roach x3  
  103  6:13  Overlord  
  103  6:17  Roach x3  
  109  6:21  Roach x2  
  109  6:22  Overlord  
  113  6:29  Zergling x10  
  113  6:32  Roach  
  120  6:37  Roach x2  
  120  6:39  Drone  
  125  6:43  Zergling x8  
  129  6:49  Overlord x2  
  129  6:52  Roach  
  131  6:56  Baneling x2  
  131  6:59  Roach x3  
  136  7:01  Roach  
  136  7:06  Roach x2  
  136  7:08  Roach  
  129  7:11  Roach  
  129  7:13  Roach  
  129  7:15  Roach  
  110  7:16  Roach  
  110  7:20  Roach x2  
  110  7:22  Zergling x2  
  107  7:26  Roach  
  107  7:29  Roach x2  
  98  7:31  Roach  
  98  7:34  Roach  
  92  7:38  Roach  
  92  7:41  Zergling x6  
  97  7:46  Drone  
  97  7:49  Lair  
  98  7:54  Zergling x2  
  98  7:58  Drone  
  100  7:59  Drone  
  100  8:02  Extractor, Drone  
  100  8:04  Drone  
  102  8:07  Drone  
  103  8:16  Drone  
  103  8:17  Drone x2  
  103  8:18  Extractor  
  103  8:19  Drone  
  105  8:20  Roach x2  
  109  8:29  Overlord  
  109  8:31  Roach x2  
  109  8:32  Roach  
  115  8:34  Overlord  
  115  8:38  Drone  
  116  8:41  Drone  
  116  8:42  Drone  
  116  8:43  Roach x3  
  116  8:47  Overseer  
  124  8:48  Roach  
  124  8:49  Zergling x2, Roach  
  124  8:51  Overlord  
  124  8:54  Roach x2  
  133  8:59  Roach x3  
  139  9:05  Roach x3  
  139  9:08  Roach  
  147  9:11  Roach x2  
  147  9:13  Overlord  
  151  9:18  Roach x2  
  151  9:21  Ravager  
  151  9:22  Roach x2  
  160  9:25  Roach  
  160  9:28  Roach  
  160  9:29  Roach  
  160  9:31  Roach  
  168  9:34  Roach x2  
  168  9:37  Baneling  
  168  9:38  Roach  
  174  9:42  Roach x2  
  174  9:43  Roach  
Tags
 
Add a new tag
Caveats
  • Supply blocks, unpowered buildings, or Contaminate may cause inaccurate times.
  • Supply counts are checked every 10 seconds.